 Dungeon Crawl Stone Soup version 0.24-a0-584-g9d6b971 (webtiles) character file.

Game seed: 17566888932658293182, levelgen mode: deterministic

1921 12572944 the Nimble (level 8, 73/75 HPs)
             Began as a Minotaur Berserker on Aug 30, 2019.
             Was an Elder of Trog.
             Quit the game on level 5 of the Dungeon.
             The game lasted 00:11:04 (4866 turns).

12572944 the Nimble (Minotaur Berserker)            Turns: 4866, Time: 00:11:05

Health: 73/75      AC: 15    Str: 23    XL:     8   Next: 96%
Magic:  7/7        EV: 10    Int:  4    God:    Trog [****..]
Gold:   126        SH:  0    Dex: 13    Spells: 7/7 levels left

rFire    . . .     SeeInvis .   a - +0 hand axe
rCold    . . .     Gourm    .   (no shield)
rNeg     . . .     Faith    .   q - +0 plate armour
rPois    .         Spirit   .   (helmet restricted)
rElec    .         Reflect  .   (no cloak)
rCorr    .         Harm     .   k - +0 pair of gloves
MR       .....     Rnd*Tele +   (no boots)
Stlth    ..........             (no amulet)
HPRegen  0.22/turn              (no ring)
MPRegen  0.10/turn              (no ring)

@: no status effects
A: retaliatory headbutt, horns 2, rugged brown scales 1, agile 1, blurry vision
1, deterioration 1, teleportitis 2
a: Berserk, Trog's Hand, Brothers in Arms, Renounce Religion


You were on level 5 of the Dungeon.
You worshipped Trog.
Trog was greatly pleased with you.
You were not hungry.

You visited 1 branch of the dungeon, and saw 6 of its levels.
You also visited: Ossuary.

You collected 126 gold pieces.

Inventory:

Hand Weapons
 a - a +0 hand axe (weapon)
Armour
 k - a +0 pair of gloves (worn)
 q - a +0 plate armour (worn)
Wands
 y - a wand of polymorph (1)
Scrolls
 d - a scroll of enchant armour {unknown}
 e - 3 scrolls of enchant weapon {unknown}
 f - a scroll of noise {unknown}
 g - 4 scrolls of remove curse {unknown}
 i - a scroll of fear {unknown}
 l - 2 scrolls of teleportation {unknown}
 n - a scroll of fog {unknown}
 o - 3 scrolls of random uselessness {unknown}
 p - a scroll of immolation {unknown}
 s - a scroll of magic mapping {unknown}
 v - 2 scrolls of blinking {unknown}
Potions
 h - a potion of haste {unknown}
 j - 2 potions of flight
 m - a potion of cancellation
 r - 2 potions of lignification
 t - 2 potions of resistance
 u - 2 potions of magic
 w - a potion of brilliance
 x - 2 potions of heal wounds {@q2}
 z - a potion of curing {@q1}
Comestibles
 c - 15 rations


   Skills:
 + Level 7.3 Fighting
 + Level 7.2 Axes
 + Level 6.7 Armour
 * Level 8.3 Dodging


You had 7 spell levels left.
You didn't know any spells.
Your spell library was empty.

Dungeon Overview and Level Annotations

Branches:
Dungeon (6/15)             Temple (0/1) D:4         Ossuary (visited)

Altars:
Ashenzari
Fedhas
Kikubaaqudgha
Okawaru
Uskayaw
Yredelemnul


Innate Abilities, Weirdness & Mutations

You reflexively headbutt those who attack you in melee.
You have a pair of horns on your head.
You are partially covered in rugged brown scales. (AC +1, +3% HP)
You are agile. (Dex +2)
Scrolls take you a little longer to read.
Your body sometimes deteriorates upon taking damage.
You are sometimes teleported next to monsters.


Message History

Things that are here:
a +0 dagger; a +0 robe
There is a stone staircase leading down here.
You start resting.
You feel the effects of Trog's Hand fading.
You start resting.
Your skin stops crawling.
You feel less resistant to hostile enchantments.
Really quaff the potion of mutation?
Okay, then.
Really quaff the potion of mutation?
You feel extremely strange.
Your magical essence is no longer linked to your wands.
You feel agile.
You feel even more weirdly uncertain.
Your vision blurs.
You feel yourself wasting away.
You feel agile.
Are you sure you want to abandon this character and quit the game? (Confirm with "yes".)
Okay, then.
Unknown command.
Unknown command.
Are you sure you want to abandon this character and quit the game? (Confirm with "yes".)

.#..##.#..######...##.###.....##
.#..##.#..#.............##...####
.........................##......
#####....................##.###..
# #.......####...##.##_##.# #.. #
#..#.#..# #...##...>...# #..
#....#..# #...#####.######..
#####...##..# #...# #.........
............# #@).# ########.#
####.......######.## #.#
#.......##........####### #..
..##.#...#.###.<........# ###
####.#.........#..#####.###
####.#...#.##..#..# #...##
...........##.....# #....#
######.#.#........# #.#<.#
#.###.####....#####.#..#


There were no monsters in sight!

Vanquished Creatures
  Grinder (D:4)
  Sigmund (D:6)
  Menkaure (D:4)
  An ice beast (D:5)
  An ogre (D:5)
  A phantom (D:5)
  2 bullfrogs
  4 water moccasin zombies (Ossuary)
  2 vampire bats (D:2)
  A centaur zombie (D:6)
  3 hounds
  An orc priest (D:4)
  A centaur skeleton (D:4)
  3 orc wizards
  Jessica (D:2)
  An iguana (D:4)
  5 worker ants
  2 big kobold zombies (Ossuary)
  A hound zombie (D:5)
  3 hound skeletons
  2 mummies (Ossuary)
  A howler monkey zombie (D:5)
  A worker ant zombie (D:5)
  4 adders
  4 gnolls (D:5)
  An ooze (D:1)
  An adder skeleton (D:5)
  7 adder zombies
  A worm (D:2)
  A dart slug (D:2)
  3 leopard geckos
  7 orcs
  A ball python (D:2)
  5 bats
  3 bat skeletons (D:2)
  3 bat zombies (D:2)
  6 giant cockroaches
  A gnoll zombie (Ossuary)
  4 hobgoblins
  4 jackals (D:1)
  2 kobolds (D:1)
  6 quokkas
  4 frilled lizards
  14 goblins
  4 hobgoblin zombies (Ossuary)
  5 kobold zombies (Ossuary)
  2 leopard gecko skeletons
  5 orc zombies (Ossuary)
  A quokka skeleton (D:5)
  A quokka zombie (D:6)
  5 rats
145 creatures vanquished.

Notes
Turn   | Place    | Note
-------+----------+-------------------------------------------
     0 | D:1      | 12572944 the Minotaur Berserker began the quest for the
                  | Orb.
     0 | D:1      | Reached XP level 1. HP: 19/19 MP: 0/0
   223 | D:1      | Reached XP level 2. HP: 23/27 MP: 1/1
   397 | D:1      | Reached ** piety under Trog
   508 | D:1      | Reached XP level 3. HP: 30/33 MP: 2/2
   890 | D:2      | Reached skill level 3 in Dodging
   992 | D:2      | Noticed Jessica
  1003 | D:2      | Killed Jessica
  1003 | D:2      | Reached XP level 4. HP: 22/41 MP: 3/3
  1603 | D:2      | Found an ancient bone altar of Kikubaaqudgha.
  1614 | D:2      | Reached XP level 5. HP: 44/47 MP: 4/4
  1628 | D:2      | Reached skill level 4 in Dodging
  2100 | D:3      | Reached *** piety under Trog
  2306 | D:4      | Noticed Menkaure
  2391 | D:3      | Found a hide-covered altar of Uskayaw.
  2804 | D:4      | Killed Menkaure
  2804 | D:4      | Reached skill level 5 in Fighting
  2804 | D:4      | Reached skill level 5 in Axes
  2804 | D:4      | Reached XP level 6. HP: 56/56 MP: 5/5
  2813 | D:4      | Found an iron altar of Okawaru.
  2820 | D:4      | Reached skill level 5 in Dodging
  2857 | D:4      | Found a sand-covered staircase.
  2871 | Ossuary  | Entered an ossuary
  2989 | Ossuary  | Reached XP level 7. HP: 48/61 MP: 6/6
  3209 | Ossuary  | Reached skill level 5 in Armour
  3413 | D:4      | Reached skill level 6 in Dodging
  3633 | D:4      | Noticed Grinder
  3647 | D:4      | Killed Grinder
  3647 | D:4      | Reached XP level 8. HP: 70/70 MP: 7/7
  3846 | D:4      | Found a staircase to the Ecumenical Temple.
  3936 | D:5      | Entered Level 5 of the Dungeon
  3946 | D:5      | Found a blossoming altar of Fedhas.
  3953 | D:5      | Reached skill level 7 in Dodging
  3965 | D:5      | Found a shattered altar of Ashenzari.
  4062 | D:5      | Reached **** piety under Trog
  4562 | D:6      | Noticed Sigmund
  4583 | D:6      | Killed Sigmund
  4583 | D:6      | Reached skill level 8 in Dodging
  4634 | D:6      | Found a basalt altar of Yredelemnul.
  4814 | D:6      | Gained mutation: You expend magic power (3 MP) to
                  | strengthen your wands. [potion of mutation]
  4814 | D:6      | Gained mutation: You are occasionally teleported next to
                  | monsters. [potion of mutation]
  4814 | D:6      | Gained mutation: You are clumsy. (Dex -2) [potion of
                  | mutation]
  4814 | D:6      | Gained mutation: You are partially covered in rugged brown
                  | scales. (AC +1, +3% HP) [potion of mutation]
  4865 | D:5      | Lost mutation: You expend magic power (3 MP) to strengthen
                  | your wands. [potion of mutation]
  4865 | D:5      | Lost mutation: You are clumsy. (Dex -2) [potion of
                  | mutation]
  4865 | D:5      | Gained mutation: You are sometimes teleported next to
                  | monsters. [potion of mutation]
  4865 | D:5      | Gained mutation: Scrolls take you a little longer to read.
                  | [potion of mutation]
  4865 | D:5      | Gained mutation: Your body sometimes deteriorates upon
                  | taking damage. [potion of mutation]
  4865 | D:5      | Gained mutation: You are agile. (Dex +2) [potion of
                  | mutation]
  4866 | D:5      | Quit the game

Levels and vault maps discovered:
D:1:      lightli_molten_gateway, layout_rooms
D:2:      layout_loops_cross, kennysheep_vampire_church,
          serial_co_window_serial, co_window_of_opportunity_a,
          co_window_paths_a, co_window_corner_a, co_window_paths_b,
          co_window_corner_a, co_window_corner_a, co_window_of_opportunity_a,
          co_window_corner_b, co_window_unsneaky_path_b,
          co_window_unsneaky_path_a, uniq_jessica
D:3:      layout_basic, lemuel_coloured_pillars_altar
D:4:      layout_cave_pools, old_standard_altar,
          minmay_temple_entry_gardened_gates, nicolae_ossuary_entry_monument,
          uniq_menkaure, uniq_grinder
D:5:      layout_loops_cross, overflow_temple_1_default, first_ration,
          cheibrodos_ashenzari_chains
D:6:      layout_loops_ring, kennysheep_mini_moat, ebering_ghost_xom,
          hangedman_decor_lopped, uniq_sigmund

Skill      XL: |  1  2  3  4  5  6  7  8 |
---------------+-------------------------+-----
Fighting       | 4 5 6 7 |  7.3
Axes           | 4 5 6 7 |  7.2
Armour         | 3 4 5 6 |  6.7
Dodging        | 3 4 5 6 8 |  8.3

Action                   |  1- 3 |  4- 6 |  7- 9 || total
-------------------------+-------+-------+-------++-------
Melee: Hand axe          |    62 |   118 |   251 ||   431
       Headbutt          |    15 |    25 |    51 ||    91
Invok: Trog's Hand       |       |     1 |     4 ||     5
       Berserk           |       |     1 |     1 ||     2
  Use: Scroll            |       |       |     9 ||     9
       Potion            |       |       |     2 ||     2
  Eat: Chunk             |       |     5 |     8 ||    13
       Ration            |       |     1 |       ||     1
Armor: Animal skin       |     5 |       |       ||     5
       Scale mail        |    13 |    37 |       ||    50
       Chain mail        |       |    10 |       ||    10
       Plate armour      |       |    35 |   133 ||   168
Dodge: Dodged            |    33 |    76 |   102 ||   211

Table legend:
 A = Non-vault XP
 B = Vault XP
 C = Vault XP percentage of total XP
 D = Non-vault monster count
 E = Vault monster count
 F = Vault count percentage of total count
                 A         B        C        D         E       F
            +---------+---------+-------+---------+---------+-------
      Total |    1516 |    1229 |  44.8 |     105 |      40 |  27.6
            +---------+---------+-------+---------+---------+-------
        D:1 |      41 |       0 |   0.0 |      21 |       0 |   0.0
        D:2 |      60 |     156 |  72.2 |      17 |       9 |  34.6
        D:3 |      56 |       0 |   0.0 |      20 |       0 |   0.0
        D:4 |     437 |     434 |  49.8 |      17 |       2 |  10.5
        D:5 |     716 |       0 |   0.0 |      25 |       0 |   0.0
        D:6 |     206 |     208 |  50.2 |       5 |       1 |  16.7
    Ossuary |       0 |     431 | 100.0 |       0 |      28 | 100.0
            +---------+---------+-------+---------+---------+-------
